TOP OF THE 1ST |
State College Spikes batting - Pitching for Kenosha Kingfish : RHP Anastasio Cervantes
|
Pitching: RHP Anastasio Cervantes
|
|
Batting: RHB Alonzo Herrera
|
0-0: Foul Ball, location: 2F 0-1: Foul Ball, location: 2F 0-2: Strikes out swinging
|
Batting: RHB Joaquín Vásquez
|
0-0: Fly out, F8 (Flyball, 8RM)
|
Batting: RHB Eric Knight
|
0-0: SOLO HOME RUN (Line Drive, 7LD), Distance : 377 ft
|
Batting: SHB Clint Woods
|
0-0: Ball 1-0: Ball 2-0: Ball 3-0: Swinging Strike 3-1: Base on Balls
|
Batting: RHB Blair Whitehead
|
0-0: Called Strike 0-1: Ground out 4-3 (Groundball, 4)
|
Top of the 1st over - 1 run(s), 1 hit(s), 0 error(s), 1 left on base; State College 1 - Kenosha 0 |
BOTTOM OF THE 1ST |
Kenosha Kingfish batting - Pitching for State College Spikes : LHP Alberto Ruíz
|
Pitching: LHP Alberto Ruíz
|
|
Batting: RHB Manuel Gómez
|
0-0: Called Strike 0-1: Hit by Pitch
|
Batting: SHB Júlio Valentín
|
0-0: Ball 1-0: Called Strike 1-1: Called Strike Manuel Gómez steals 2nd base 1-2: Ball 2-2: Strikes out swinging
|
Batting: RHB Francisco Martínez
|
0-0: Called Strike Manuel Gómez is caught stealing 3rd base 0-1: Ground out 3-1 (Groundball, 34S)
|
Bottom of the 1st over - 0 run(s), 0 hit(s), 0 error(s), 0 left on base; State College 1 - Kenosha 0 |
TOP OF THE 2ND |
State College Spikes batting - Pitching for Kenosha Kingfish : RHP Anastasio Cervantes
|
Batting: RHB Martín López
|
0-0: Called Strike 0-1: Ball 1-1: Called Strike 1-2: Ball 2-2: Strikes out swinging
|
Batting: RHB Norberto Márquez
|
0-0: Swinging Strike 0-1: Ball 1-1: Ball 2-1: Foul Ball, location: 2F 2-2: Hit by Pitch
|
Batting: RHB Luis Montoya
|
0-0: Called Strike 0-1: Ball 1-1: Ball Wild Pitch! Norberto Márquez to second 2-1: Called Strike 2-2: Ball 3-2: Strikes out swinging
|
Batting: LHB Burt Ward
|
0-0: Swinging Strike 0-1: Called Strike 0-2: Strikes out swinging
|
Top of the 2nd over - 0 run(s), 0 hit(s), 0 error(s), 1 left on base; State College 1 - Kenosha 0 |
BOTTOM OF THE 2ND |
Kenosha Kingfish batting - Pitching for State College Spikes : LHP Alberto Ruíz
|
Batting: RHB Matt Rodríguez
|
0-0: Ball 1-0: Ball 2-0: Foul Ball, location: 2F 2-1: Foul Ball, location: 2F 2-2: Fly out, F5 (Popup, 5)
|
Batting: SHB Devin Smith
|
0-0: Called Strike 0-1: Swinging Strike 0-2: Strikes out looking
|
Batting: LHB Richard Brooks
|
0-0: Called Strike 0-1: SINGLE (Line Drive, 7S)
|
Batting: RHB Sergio Mata
|
0-0: Called Strike 0-1: Ground out 5-3 (Groundball, 5)
|
Bottom of the 2nd over - 0 run(s), 1 hit(s), 0 error(s), 1 left on base; State College 1 - Kenosha 0 |
TOP OF THE 3RD |
State College Spikes batting - Pitching for Kenosha Kingfish : RHP Anastasio Cervantes
|
Batting: RHB Alonzo Herrera
|
0-0: Called Strike 0-1: Ground out 6-3 (Groundball, 6)
|
Batting: RHB Joaquín Vásquez
|
0-0: Swinging Strike 0-1: Ball 1-1: Foul Ball, location: 2F 1-2: Ball 2-2: Ball 3-2: Base on Balls
|
Batting: RHB Eric Knight
|
0-0: Ball 1-0: Ball 2-0: Swinging Strike 2-1: Grounds into double play, 5-4-3 (Groundball, 56)
|
Top of the 3rd over - 0 run(s), 0 hit(s), 0 error(s), 0 left on base; State College 1 - Kenosha 0 |
BOTTOM OF THE 3RD |
Kenosha Kingfish batting - Pitching for State College Spikes : LHP Alberto Ruíz
|
Batting: RHB Doug Lutz
|
0-0: Ball 1-0: Foul Ball, location: 2F 1-1: Called Strike 1-2: Ball 2-2: SINGLE (Flyball, 7LS)
|
Batting: RHB José Vargas
|
0-0: Ball 1-0: Foul Ball, location: 2F 1-1: Fielders Choice at 2nd, 6-4 (Groundball, 6M)
|
Batting: RHB Manuel Gómez
|
0-0: Ball 1-0: Called Strike 1-1: Swinging Strike 1-2: Foul Ball, location: 2F 1-2: Strikes out swinging
|
Batting: SHB Júlio Valentín
|
0-0: Called Strike 0-1: Ball 1-1: Ball 2-1: Foul Ball, location: 2F 2-2: Foul Ball, location: 2F 2-2: Fly out, F9 (Flyball, 89M)
|
Bottom of the 3rd over - 0 run(s), 1 hit(s), 0 error(s), 1 left on base; State College 1 - Kenosha 0 |
TOP OF THE 4TH |
State College Spikes batting - Pitching for Kenosha Kingfish : RHP Anastasio Cervantes
|
Batting: SHB Clint Woods
|
0-0: Called Strike 0-1: Ball 1-1: Swinging Strike 1-2: Ball 2-2: Strikes out swinging
|
Batting: RHB Blair Whitehead
|
0-0: Ball 1-0: SINGLE (Line Drive, 8LS)
|
Batting: RHB Martín López
|
0-0: Ball 1-0: 2-RUN HOME RUN (Flyball, 7D), Distance : 400 ft
|
Batting: RHB Norberto Márquez
|
0-0: Ball 1-0: Foul Ball, location: 2F 1-1: Foul Ball, location: 2F 1-2: Strikes out swinging
|
Batting: RHB Luis Montoya
|
0-0: Ball 1-0: Ball 2-0: Ball 3-0: Called Strike 3-1: Swinging Strike 3-2: DOUBLE (Line Drive, 5D)
|
Batting: LHB Burt Ward
|
0-0: Foul Ball, location: 2F 0-1: Foul Ball, location: 2F 0-2: Strikes out swinging
|
Top of the 4th over - 2 run(s), 3 hit(s), 0 error(s), 1 left on base; State College 3 - Kenosha 0 |
BOTTOM OF THE 4TH |
Kenosha Kingfish batting - Pitching for State College Spikes : LHP Alberto Ruíz
|
Batting: RHB Francisco Martínez
|
0-0: Fly out, F8 (Flyball, 8LS)
|
Batting: RHB Matt Rodríguez
|
0-0: Called Strike 0-1: Called Strike 0-2: Ball 1-2: Strikes out swinging
|
Batting: SHB Devin Smith
|
0-0: Ball 1-0: Called Strike 1-1: Ball 2-1: Ball 3-1: Called Strike 3-2: Base on Balls
|
Batting: LHB Richard Brooks
|
0-0: Ball 1-0: Called Strike 1-1: Foul Ball, location: 2F 1-2: Strikes out swinging
|
Bottom of the 4th over - 0 run(s), 0 hit(s), 0 error(s), 1 left on base; State College 3 - Kenosha 0 |
TOP OF THE 5TH |
State College Spikes batting - Pitching for Kenosha Kingfish : RHP Anastasio Cervantes
|
Batting: RHB Alonzo Herrera
|
0-0: Called Strike 0-1: Swinging Strike 0-2: Foul Ball, location: 2F 0-2: Ball 1-2: Ball 2-2: Ball 3-2: Strikes out swinging
|
Batting: RHB Joaquín Vásquez
|
0-0: Foul Ball, location: 2F 0-1: Reached on error, E4 (Groundball, 34)
|
Batting: RHB Eric Knight
|
0-0: Foul Ball, location: 2F 0-1: 2-RUN HOME RUN (Flyball, 78XD), Distance : 423 ft
|
Batting: SHB Clint Woods
|
0-0: Ball 1-0: Ball 2-0: Foul Ball, location: 2F 2-1: Ground out U3 (Groundball, 3)
|
Batting: RHB Blair Whitehead
|
0-0: Foul Ball, location: 2F 0-1: Called Strike 0-2: Strikes out looking
|
Top of the 5th over - 2 run(s), 1 hit(s), 1 error(s), 0 left on base; State College 5 - Kenosha 0 |
BOTTOM OF THE 5TH |
Kenosha Kingfish batting - Pitching for State College Spikes : LHP Alberto Ruíz
|
Batting: RHB Sergio Mata
|
0-0: Called Strike 0-1: Foul Ball, location: 2F 0-2: Ball 1-2: Ground out 2-3 (Groundball, 2R)
|
Batting: RHB Doug Lutz
|
0-0: Ball 1-0: Ball 2-0: Swinging Strike 2-1: Called Strike 2-2: Strikes out swinging
|
Batting: RHB José Vargas
|
0-0: Called Strike 0-1: Called Strike 0-2: Foul Ball, location: 2F 0-2: Ground out 4-3 (Groundball, 4)
|
Bottom of the 5th over - 0 run(s), 0 hit(s), 0 error(s), 0 left on base; State College 5 - Kenosha 0 |
TOP OF THE 6TH |
State College Spikes batting - Pitching for Kenosha Kingfish : RHP Anastasio Cervantes
|
Batting: RHB Martín López
|
0-0: Ball 1-0: Foul Ball, location: 2F 1-1: Swinging Strike 1-2: Strikes out swinging
|
Pitching: RHP Júlio Vargas
|
|
Batting: RHB Norberto Márquez
|
0-0: Fly out, F7 (Flyball, 7S)
|
Batting: RHB Luis Montoya
|
0-0: Ball 1-0: Fly out, F6 (Popup, 6)
|
Top of the 6th over - 0 run(s), 0 hit(s), 0 error(s), 0 left on base; State College 5 - Kenosha 0 |
BOTTOM OF THE 6TH |
Kenosha Kingfish batting - Pitching for State College Spikes : LHP Alberto Ruíz
|
Batting: RHB Manuel Gómez
|
0-0: Called Strike 0-1: Swinging Strike 0-2: Ball 1-2: Strikes out looking
|
Batting: SHB Júlio Valentín
|
0-0: Foul Ball, location: 2F 0-1: Ball 1-1: Fly out, F8 (Flyball, 8RS)
|
Batting: RHB Francisco Martínez
|
0-0: SINGLE (Flyball, 9S)
|
Batting: RHB Matt Rodríguez
|
0-0: Called Strike 0-1: Swinging Strike 0-2: Ball 1-2: Strikes out looking
|
Bottom of the 6th over - 0 run(s), 1 hit(s), 0 error(s), 1 left on base; State College 5 - Kenosha 0 |
TOP OF THE 7TH |
State College Spikes batting - Pitching for Kenosha Kingfish : RHP Júlio Vargas
|
Batting: LHB Burt Ward
|
0-0: Ball 1-0: Foul Ball, location: 2F 1-1: Ball 2-1: Ball 3-1: Base on Balls
|
Batting: RHB Alonzo Herrera
|
0-0: Called Strike 0-1: Ball 1-1: Sac Bunt - play at first, batter OUT! 3-4 Burt Ward to second
|
Batting: RHB Joaquín Vásquez
|
0-0: Ball 1-0: SINGLE (Line Drive, 78S) Burt Ward to third Runner from 3rd tries for Home, SAFE, no throw or cutoff
|
Batting: RHB Eric Knight
|
0-0: Called Strike 0-1: Ball 1-1: Ball 2-1: Ball 3-1: Foul Ball, location: 2F 3-2: Base on Balls Joaquín Vásquez to second
|
Batting: SHB Clint Woods
|
0-0: Ball 1-0: Foul Ball, location: 2F 1-1: Foul Ball, location: 2F 1-2: Foul Ball, location: 2F 1-2: Foul Ball, location: 2F 1-2: Ball 2-2: Ball 3-2: Base on Balls Joaquín Vásquez to third Eric Knight to second
|
Batting: RHB Blair Whitehead
|
0-0: Ball 1-0: Foul Ball, location: 2F 1-1: DOUBLE (Flyball, 78XD) Joaquín Vásquez scores Eric Knight scores Clint Woods to third
|
Pitching: LHP Javier Robles
|
|
Batting: RHB Martín López
|
0-0: Ball 1-0: Foul Ball, location: 2F 1-1: Ball 2-1: Ball 3-1: Foul Ball, location: 2F 3-2: Base on Balls
|
Batting: RHB Norberto Márquez
|
0-0: Called Strike 0-1: Foul Ball, location: 2F 0-2: Ball 1-2: Ball 2-2: Strikes out looking
|
Batting: RHB Luis Montoya
|
0-0: Ball 1-0: Fly out, F7 (Line Drive, 7M)
|
Top of the 7th over - 3 run(s), 2 hit(s), 0 error(s), 3 left on base; State College 8 - Kenosha 0 |
BOTTOM OF THE 7TH |
Kenosha Kingfish batting - Pitching for State College Spikes : LHP Alberto Ruíz
|
Batting: SHB Devin Smith
|
0-0: Foul Ball, location: 2F 0-1: Swinging Strike 0-2: Strikes out looking
|
Batting: LHB Richard Brooks
|
0-0: Ball 1-0: Ball 2-0: Ball 3-0: Base on Balls
|
Pitching: RHP Javier Molina
|
|
Batting: RHB Sergio Mata
|
0-0: Called Strike Richard Brooks is caught stealing 2nd base 0-1: Ball 1-1: Ball 2-1: Called Strike 2-2: Ball 3-2: Fly out, F8 (Flyball, 78S)
|
Bottom of the 7th over - 0 run(s), 0 hit(s), 0 error(s), 0 left on base; State College 8 - Kenosha 0 |
TOP OF THE 8TH |
State College Spikes batting - Pitching for Kenosha Kingfish : LHP Javier Robles
|
Batting: LHB Burt Ward
|
0-0: Called Strike 0-1: Foul Ball, location: 2F 0-2: Ball 1-2: Ball 2-2: Foul Ball, location: 2F 2-2: Fly out, F9 (Flyball, 9D)
|
Batting: RHB Alonzo Herrera
|
0-0: Called Strike 0-1: Swinging Strike 0-2: Strikes out swinging
|
Batting: RHB Joaquín Vásquez
|
0-0: Swinging Strike 0-1: Ball 1-1: Foul Ball, location: 2F 1-2: Ball 2-2: Foul Ball, location: 2F 2-2: Ball 3-2: Base on Balls
|
Batting: RHB Eric Knight
|
0-0: Called Strike 0-1: Ball 1-1: Foul Ball, location: 2F 1-2: Hit by Pitch Joaquín Vásquez to second
|
Batting: SHB Clint Woods
|
0-0: Called Strike 0-1: Ball 1-1: Foul Ball, location: 2F 1-2: Ball 2-2: Ball 3-2: 3-RUN HOME RUN (Flyball, 7D), Distance : 382 ft
|
Batting: RHB Blair Whitehead
|
0-0: Called Strike 0-1: Called Strike 0-2: Foul Ball, location: 2F 0-2: Ball 1-2: Strikes out swinging
|
Top of the 8th over - 3 run(s), 1 hit(s), 0 error(s), 0 left on base; State College 11 - Kenosha 0 |
BOTTOM OF THE 8TH |
Kenosha Kingfish batting - Pitching for State College Spikes : RHP Javier Molina
|
Batting: RHB Doug Lutz
|
0-0: Foul Ball, location: 2F 0-1: Foul Ball, location: 2F 0-2: Ball 1-2: Strikes out swinging
|
Pinch Hitting: LHB Miguel Flores
|
0-0: Ball 1-0: Hit by Pitch
|
Batting: RHB Manuel Gómez
|
0-0: Swinging Strike 0-1: Fielders Choice at 2nd, 5-4 (Groundball, 56)
|
Batting: SHB Júlio Valentín
|
0-0: Ball 1-0: Foul Ball, location: 2F 1-1: Ball 2-1: Swinging Strike 2-2: Ball 3-2: Foul Ball, location: 2F 3-2: 2-RUN HOME RUN (Flyball, 89XD), Distance : 423 ft
|
Batting: RHB Francisco Martínez
|
0-0: Ball 1-0: Called Strike 1-1: SINGLE (Line Drive, 56D)
|
Batting: RHB Matt Rodríguez
|
0-0: Ball 1-0: Called Strike 1-1: Ground out 5-3 (Groundball, 5S)
|
Bottom of the 8th over - 2 run(s), 2 hit(s), 0 error(s), 1 left on base; State College 11 - Kenosha 2 |
TOP OF THE 9TH |
State College Spikes batting - Pitching for Kenosha Kingfish : LHP Javier Robles
|
Now in LF: Miguel Flores
|
|
Batting: RHB Martín López
|
0-0: Ground out 6-3 (Groundball, 6)
|
Pinch Hitting: SHB Thomas Simmons
|
0-0: Foul Ball, location: 2F 0-1: Foul Ball, location: 2F 0-2: Ball 1-2: Foul Ball, location: 2F 1-2: Strikes out looking
|
Batting: RHB Luis Montoya
|
0-0: Called Strike 0-1: Called Strike 0-2: Ball 1-2: SINGLE (Groundball, 15S) (infield hit)
|
Batting: LHB Burt Ward
|
0-0: Foul Ball, location: 2F 0-1: Foul Ball, location: 2F 0-2: Ball 1-2: Strikes out swinging
|
Top of the 9th over - 0 run(s), 1 hit(s), 0 error(s), 1 left on base; State College 11 - Kenosha 2 |
BOTTOM OF THE 9TH |
Kenosha Kingfish batting - Pitching for State College Spikes : RHP Javier Molina
|
Now at 3B: Rafael Ortíz
|
|
Batting: SHB Devin Smith
|
0-0: Called Strike 0-1: Foul Ball, location: 2F 0-2: Strikes out swinging
|
Batting: LHB Richard Brooks
|
0-0: SINGLE (Groundball, 56D)
|
Batting: RHB Sergio Mata
|
0-0: Ball 1-0: Ball 2-0: Foul Ball, location: 2F 2-1: Ball 3-1: Base on Balls Richard Brooks to second
|
Batting: RHB Doug Lutz
|
0-0: Ball 1-0: Ball 2-0: Called Strike 2-1: Ball 3-1: Base on Balls Richard Brooks to third Sergio Mata to second
|
Batting: LHB Miguel Flores
|
0-0: Ball 1-0: Foul Ball, location: 2F 1-1: Ball 2-1: Ball 3-1: Called Strike 3-2: SINGLE (Groundball, 4MD) Richard Brooks scores Sergio Mata to third Doug Lutz to second Runner from 3rd tries for Home, SAFE, no throw or cutoff
|
Batting: RHB Manuel Gómez
|
0-0: Called Strike 0-1: Foul Ball, location: 2F 0-2: Strikes out swinging
|
Batting: SHB Júlio Valentín
|
0-0: Foul Ball, location: 2F 0-1: Fly out, F2 (Popup, 2LF)
|
Bottom of the 9th over - 2 run(s), 2 hit(s), 0 error(s), 2 left on base; State College 11 - Kenosha 4 |
|